AoeStats
← Ken

Nomad

508221692Analyzed
4v4 RM · 10d ago on Sep 21, 2026· 55m 38s· 8 players
Game mode
Random Map
Map size
231×231
Population
200
Speed
Normal
Resources
Standard
Victory
Conquest
Starting age
Dark Age
Ending age
Imperial Age
RankedLock teamsTeams togetherTeam positionsShared explorationLock speedFull tech treeHidden civsTurbo modeCheats
Victory
Defeat
🇨🇳 Tatars · China
1147
+11
🇭🇰 Magyars · Hong Kong SAR China
1136
+12
1048
+15
🇨🇳 Vikings · China
1014
+17
🇨🇳 Franks · China
1100
-16
🇳🇱 Inca · Netherlands
1039
-14
🇵🇱 Britons · Poland
1039
-14
🇨🇳 Huns · China
975
-11
Ken
6:09 Loom
13:08 Feudal Age
18:20 Castle Age
16:41 Double-Bit Axe
18:59 Scale Barding Armor
19:05 Gold Mining
20:19 Wheelbarrow
20:32 Husbandry
23:33 Wheelbarrow
25:49 Forging
32:12 Hand Cart
33:26 Gold Shaft Mining
37:02 Imperial Age
36:13 Bow Saw
37:10 Chain Barding Armor
37:06 Stone Mining
38:14 Iron Casting
37:53 Cavalier
39:36 Caravan
43:47 Plate Barding Armor
44:13 Blast Furnace
43:34 Conscription
46:12 Paladin
48:00 Chivalry
47:54 Fletching
48:05 Padded Archer Armor
48:05 Scale Mail Armor
50:01 Leather Archer Armor
49:42 Bodkin Arrow
51:53 Chain Mail Armor
55:38 Plate Mail Armor
Cayo
8:00 Loom
17:13 Feudal Age
19:09 Double-Bit Axe
21:37 Castle Age
19:48 Gold Mining
19:54 Fletching
20:40 Padded Archer Armor
21:45 Crossbowman
23:12 Gold Shaft Mining
22:51 Bow Saw
23:48 Bodkin Arrow
24:54 Ballistics
31:06 Horse Collar
33:22 Yeomen
33:41 Leather Archer Armor
36:23 Town Watch
40:33 Wheelbarrow
41:57 Stone Mining
45:05 Hand Cart
45:09 Town Patrol
BlandToaster625
13:19 Feudal Age
17:18 Castle Age
15:56 Fletching
15:52 Fishing Lines
17:08 Double-Bit Axe
19:51 Fishing Lines
20:33 Gillnets
22:28 Padded Archer Armor
24:23 Bodkin Arrow
25:40 Murder Holes
26:06 Ballistics
29:17 Guard Tower
30:26 Loom
32:54 Treadmill Crane
34:49 Wheelbarrow
33:59 Town Watch
38:50 Pikeman
39:16 Arson
39:31 Squires
42:14 Imperial Age
40:05 Scale Mail Armor
41:10 Chain Mail Armor
41:06 Forging
42:42 Forging
43:03 Leather Archer Armor
43:27 Elite Skirmisher
46:29 Bracer
46:59 Ring Archer Armor
1829032
12:43 Loom
15:40 Feudal Age
16:41 Double-Bit Axe
21:05 Castle Age
19:32 Horse Collar
20:05 Bloodlines
21:25 Forging
21:22 Scale Barding Armor
23:10 Wheelbarrow
22:51 Gold Mining
26:54 Stone Mining
28:49 Hand Cart
33:45 Caravan
34:19 Fletching
35:06 Town Watch
36:56 Murder Holes
37:23 Ballistics
37:58 Coinage
41:41 Imperial Age
42:50 Conscription
43:15 Padded Archer Armor
43:13 Bodkin Arrow
43:55 Iron Casting
44:03 Husbandry
44:09 Scale Mail Armor
46:50 Bracer
47:20 Parthian Tactics
49:54 Cavalier
逆天小肥猪
12:19 Loom
14:35 Feudal Age
18:57 Castle Age
17:51 Fishing Lines
17:58 Double-Bit Axe
18:14 Fletching
21:48 Gillnets
23:17 Stone Mining
23:59 Bodkin Arrow
26:11 Bloodlines
28:01 Padded Archer Armor
28:25 Ballistics
28:53 Wheelbarrow
29:05 Leather Archer Armor
29:14 Gold Mining
31:08 Hand Cart
31:31 Gold Shaft Mining
31:42 Bow Saw
31:31 Town Watch
34:33 Imperial Age
32:49 Silk Armor
33:00 Scale Barding Armor
33:05 Forging
33:05 Husbandry
34:45 Chain Barding Armor
35:52 Ring Archer Armor
35:22 Bracer
35:46 Conscription
39:35 Chemistry
39:00 Heavy Cavalry Archer
42:59 Plate Barding Armor
44:01 Iron Casting
44:25 Elite Keshik
48:59 Blast Furnace
50:17 Siege Engineers
49:55 Treadmill Crane
50:26 Masonry
52:53 Herbal Medicine
53:15 Timurid Siegecraft
53:21 Guilds
54:14 Sappers
54:48 Town Patrol
高老头子
6:29 Loom
14:32 Feudal Age
17:29 Forging
20:21 Castle Age
19:58 Scale Mail Armor
19:48 Double-Bit Axe
20:01 Fishing Lines
21:47 Chain Mail Armor
22:07 Iron Casting
21:14 Pikeman
21:54 Squires
23:48 Arson
34:55 Gillnets
38:08 Fletching
38:20 Padded Archer Armor
40:25 Elite Skirmisher
40:43 Crossbowman
43:01 Gold Mining
43:02 Stone Mining
44:12 Man-at-Arms
44:38 Gambesons
45:05 Bodkin Arrow
45:26 Leather Archer Armor
46:25 Long Swordsman
50:08 Bow Saw
52:14 Chieftains
55:38 Murder Holes
打帝国需要戴老花镜
4:45 Loom
13:39 Feudal Age
14:36 Man-at-Arms
19:22 Castle Age
17:53 Scale Mail Armor
19:26 Forging
21:45 Wheelbarrow
21:54 Gold Mining
29:10 Town Watch
37:26 Elite Skirmisher
51:33 Imperial Age
49:17 Fletching
50:30 Medium Warships
50:45 Thumb Ring
50:48 Light Cavalry
51:39 Bloodlines
51:46 Heavy Camel Rider
53:38 Hand Cart
54:00 Iron Casting
53:31 Scale Barding Armor
54:32 Husbandry
54:57 Farimba
55:19 Conscription
低糖老头
18:54 Feudal Age
19:56 Double-Bit Axe
19:46 Man-at-Arms
23:49 Arson
23:46 Horse Collar
23:55 Double-Bit Axe
25:17 Bloodlines
29:00 Castle Age
28:23 Fletching
28:33 Padded Archer Armor
30:19 Bow Saw
33:36 Scale Barding Armor
34:44 Crossbowman
36:39 Horse Collar
37:25 Husbandry
44:54 Imperial Age
43:45 Chain Barding Armor
44:44 Wheelbarrow
44:53 Thumb Ring
45:53 Cavalier
48:04 Two-Man Saw
47:05 Heavy Plow
50:52 Crop Rotation
50:43 Hand Cart
51:24 Pikeman
54:19 Conscription
54:00 Corvinian Army
55:33 Murder Holes
Connection lost

Rejoining the realm…

Still unreachable

The connection could not be restored.

Session expired

The server has moved on; the page needs a fresh start.